Map: Vaani Research Station (Void)

Players

Welmu - Winner!

  • Race: Protoss Protoss
  • League: Master
  • Spawn Location: 12:00

IIIIIIIIIIII (Has)

  • Race: Protoss Protoss
  • League: Diamond
  • Spawn Location: 6:00

Event: NationWars IV

VOD

Have the link to the VOD?

Description

Time

  • Played on: Jan. 3, 2017, 1:05 p.m.
  • Length: 9:56
Show
View Real Time Build Order
Export as new Build Order

Welmu Protoss - Winner!

Build Orders: Phoenix Opening 

Get SALT Encoding   

  12  0:01  Probe (Chrono Boost)  
  13  0:11  Probe (Chrono Boost)  
  14  0:19  Pylon  
  14  0:23  Probe (Chrono Boost)  
  15  0:37  Probe (Chrono Boost)  
  15  0:39  Gateway  
  16  0:48  Probe (Chrono Boost)  
  16  0:49  Assimilator  
  17  0:55  Assimilator  
  17  0:59  Probe (Chrono Boost)  
  18  1:09  Probe (Chrono Boost)  
  19  1:20  Probe (Chrono Boost)  
  20  1:27  Cybernetics Core  
  20  1:30  Probe (Chrono Boost)  
  21  1:34  Pylon  
  21  1:42  Probe (Chrono Boost)  
  22  1:52  Probe (Chrono Boost)  
  23  2:00  Adept  
  23  2:04  Warp Gate  
  27  2:08  Mothership Core (Chrono Boost)  
  27  2:28  Pylon  
  27  2:37  Stalker  
  27  2:38  Stargate  
  29  2:49  Probe (Chrono Boost)  
  29  2:56  Pylon  
  29  3:01  Probe (Chrono Boost)  
  31  3:13  Probe (Chrono Boost)  
  31  3:18  Phoenix  
  29  3:25  Probe (Chrono Boost)  
  32  3:27  Nexus  
  32  3:37  Probe (Chrono Boost)  
  32  3:40  Phoenix  
  36  3:49  Probe (Chrono Boost)  
  36  3:59  Stargate, Probe (Chrono Boost)  
  37  4:09  Assimilator  
  39  4:15  Pylon  
  39  4:18  Probe (Chrono Boost)  
  38  4:28  Probe (Chrono Boost)  
  38  4:30  Pylon  
  39  4:32  Phoenix  
  39  4:37  Adept  
  43  4:39  Probe x2 (Chrono Boost)  
  45  4:46  Phoenix  
  45  4:50  Probe x2 (Chrono Boost)  
  49  4:56  Assimilator  
  49  5:00  Probe x2 (Chrono Boost)  
  49  5:02  Phoenix  
  53  5:11  Probe x2 (Chrono Boost)  
  53  5:13  Phoenix  
  58  5:21  Probe (Chrono Boost)  
  58  5:22  Probe (Chrono Boost)  
  58  5:24  Phoenix  
  61  5:34  Probe (Chrono Boost)  
  61  5:35  Probe (Chrono Boost), Phoenix  
  61  5:37  Pylon  
  61  5:40  Adept  
  65  5:46  Probe (Chrono Boost)  
  66  5:51  Fleet Beacon  
  66  5:56  Probe (Chrono Boost), Phoenix  
  67  6:01  Phoenix  
  69  6:09  Pylon  
  71  6:18  Phoenix  
  70  6:26  Phoenix  
  70  6:30  Anion Pulse-Crystals  
  68  6:46  Probe x2 (Chrono Boost), Pylon  
  70  6:49  Pylon  
  70  6:51  Phoenix  
  70  6:52  Phoenix  
  72  6:58  Probe x2 (Chrono Boost)  
  72  7:01  Zealot  
  78  7:10  Probe x2 (Chrono Boost)  
  80  7:16  Phoenix x2  
  80  7:22  Probe x2 (Chrono Boost)  
  77  7:38  Phoenix  
  77  7:40  Probe x2 (Chrono Boost)  
  77  7:41  Phoenix  
  83  7:49  Nexus  
  85  7:52  Probe x2 (Chrono Boost)  
  85  8:00  Phoenix  
  85  8:04  Robotics Facility  
  85  8:06  Phoenix  
  79  8:15  Probe (Chrono Boost)  
  79  8:19  Assimilator  
  80  8:21  Phoenix  
  80  8:23  Probe (Chrono Boost), Assimilator  
  80  8:26  Pylon  
  84  8:27  Probe (Chrono Boost)  
  84  8:28  Pylon  
  84  8:31  Phoenix  
  87  8:36  Probe (Chrono Boost)  
  87  8:39  Probe (Chrono Boost)  
  88  8:48  Probe (Chrono Boost)  
  89  8:50  Observer  
  89  8:51  Probe (Chrono Boost)  
  91  9:00  Probe (Chrono Boost)  
  91  9:01  Probe (Chrono Boost)  
  96  9:03  Probe (Chrono Boost)  
  90  9:10  Void Ray x2  
  90  9:11  Probe (Chrono Boost)  
  90  9:12  Probe (Chrono Boost)  
  90  9:15  Probe (Chrono Boost)  
  90  9:16  Observer  
  101  9:24  Probe x2 (Chrono Boost)  
  104  9:25  Robotics Facility  
  104  9:27  Probe (Chrono Boost), Forge  
  105  9:33  Pylon  
  105  9:36  Probe (Chrono Boost), Sentry  
  108  9:45  Pylon  
Show
View Real Time Build Order
Export as new Build Order

IIIIIIIIIIII Protoss 

Build Orders: Phoenix Opening 

Get SALT Encoding   

  12  0:01  Probe (Chrono Boost)  
  13  0:11  Probe (Chrono Boost)  
  14  0:19  Pylon  
  14  0:23  Probe (Chrono Boost)  
  15  0:37  Probe (Chrono Boost)  
  15  0:39  Gateway  
  17  0:50  Assimilator  
  17  0:52  Assimilator  
  17  0:55  Probe (Chrono Boost)  
  17  1:06  Probe (Chrono Boost)  
  18  1:16  Probe (Chrono Boost)  
  19  1:19  Pylon  
  19  1:27  Cybernetics Core, Probe (Chrono Boost)  
  20  1:37  Probe (Chrono Boost)  
  21  1:48  Probe (Chrono Boost)  
  22  1:59  Probe (Chrono Boost), Stalker  
  23  2:05  Warp Gate  
  25  2:09  Pylon  
  25  2:13  Mothership Core (Chrono Boost)  
  27  2:22  Pylon  
  27  2:26  Stargate  
  27  2:32  Probe (Chrono Boost)  
  27  2:43  Probe (Chrono Boost)  
  29  3:03  Nexus  
  28  3:09  Phoenix  
  30  3:18  Probe (Chrono Boost)  
  29  3:30  Probe (Chrono Boost)  
  29  3:32  Stargate  
  30  3:39  Phoenix  
  33  3:51  Pylon  
  33  3:55  Probe (Chrono Boost)  
  33  4:04  Phoenix  
  33  4:07  Probe (Chrono Boost)  
  36  4:12  Phoenix  
  38  4:21  Probe (Chrono Boost)  
  38  4:22  Probe (Chrono Boost)  
  40  4:29  Phoenix  
  42  4:35  Assimilator  
  43  4:40  Probe (Chrono Boost)  
  43  4:42  Probe (Chrono Boost)  
  43  4:44  Phoenix  
  44  4:52  Probe (Chrono Boost)  
  47  4:56  Probe (Chrono Boost)  
  47  4:57  Phoenix  
  48  5:04  Probe (Chrono Boost)  
  51  5:07  Assimilator  
  52  5:15  Probe (Chrono Boost)  
  52  5:16  Probe (Chrono Boost)  
  52  5:19  Phoenix  
  52  5:26  Phoenix  
  52  5:27  Probe (Chrono Boost)  
  54  5:34  Probe (Chrono Boost)  
  55  5:40  Probe (Chrono Boost)  
  55  5:41  Phoenix  
  56  5:48  Pylon  
  58  5:57  Stargate  
  58  6:03  Phoenix  
  60  6:04  Probe x2 (Chrono Boost)  
  62  6:16  Probe (Chrono Boost)  
  62  6:17  Probe (Chrono Boost)  
  64  6:18  Pylon  
  64  6:27  Phoenix  
  64  6:28  Probe (Chrono Boost), Phoenix  
  68  6:35  Pylon  
  68  6:41  Phoenix  
  72  6:47  Probe (Chrono Boost)  
  72  6:48  Probe (Chrono Boost)  
  72  6:53  Pylon  
  72  6:55  Phoenix  
  74  7:03  Phoenix  
  74  7:06  Probe (Chrono Boost)  
  74  7:07  Phoenix  
  79  7:19  Phoenix  
  77  7:28  Phoenix  
  77  7:29  Probe x2 (Chrono Boost)  
  81  7:34  Phoenix  
  79  7:40  Phoenix  
  85  7:45  Probe x2 (Chrono Boost)  
  83  7:51  Twilight Council  
  83  7:57  Probe x2 (Chrono Boost)  
  67  8:16  Probe (Chrono Boost), Phoenix  
  67  8:17  Probe (Chrono Boost)  
  71  8:20  Phoenix  
  71  8:23  Gateway  
  71  8:26  Nexus  
  71  8:34  Dark Shrine  
  55  8:50  Pylon  
  55  8:51  Probe x2 (Chrono Boost)  
  55  8:54  Assimilator  
  57  8:58  Gateway x2  
  57  8:59  Assimilator  
  57  9:03  Probe (Chrono Boost)  
  57  9:05  Pylon  
  59  9:14  Probe (Chrono Boost)  
  59  9:15  Probe (Chrono Boost)  
  41  9:26  Probe (Chrono Boost), Gateway  
  41  9:27  Probe (Chrono Boost)  
  41  9:28  Gateway  
  41  9:29  Templar Archives  
  36  9:38  Probe x2 (Chrono Boost)  
  36  9:39  Probe (Chrono Boost)  
Tags
 
Add a new tag
Caveats
  • Supply blocks, unpowered buildings, or Contaminate may cause inaccurate times.
  • Supply counts are checked every 10 seconds.